 Dungeon Crawl Stone Soup version 0.32-a0-699-g1ee5eff (webtiles) character file.

Game seed: 18425461639649792696

16 Toastz the Sneak (level 2, -4/15 HPs)
             Began as a Kobold Enchanter on Mar 13, 2024.
             Slain by a gnoll
             ... wielding a +0 flail
              (11 damage)
             ... on level 1 of the Dungeon.
             The game lasted 00:00:59 (299 turns).

Toastz the Sneak (Kobold Enchanter)                  Turns: 299, Time: 00:01:00

Health: -4/15      AC:  3    Str:  5    XL:     2   Next: 70%
Magic:  5/5        EV: 14    Int: 16    God:
Gold:   37         SH:  0    Dex: 15    Spells: 5/5 levels left

rFire   . . .        a - +1 dagger
rCold   . . .        (no shield)
rNeg    . . .        b - +0 robe
rPois   .            f - +0 helmet
rElec   .            (no cloak)
rCorr   .            (no gloves)
SInv    .            (no boots)
Will    .....        (no amulet)
Stlth   ++++         (no ring)
HPRegen 0.22/turn    (no ring)
MPRegen 0.09/turn

%: no passive effects
@: no status effects
A: small, no large weapons, nightstalker 3
a: no special abilities


You were on level 1 of the Dungeon.
You visited 1 branch of the dungeon, and saw 1 of its levels.

You collected 37 gold pieces.

Inventory:

Hand Weapons
 a - a +1 dagger (weapon)
Armour
 b - a +0 robe (worn)
 f - a +0 helmet (worn)
Scrolls
 e - a scroll of fog {unknown}
Potions
 c - 2 potions of invisibility
 d - 2 potions of attraction {unknown}


   Skills:
 + Level 1.9 Short Blades
 + Level 2.7 Dodging
 + Level 4.2 Stealth
 - Level 2.1 Spellcasting
 * Level 3.3 Hexes


You had 5 spell levels left.
You didn't know any spells.
Your spell library contained the following spells:

 Spells                   Type           Power      Damage    Failure   Level
 Ensorcelled Hibernation  Hex/Ice        14%        N/A       16%         2
 Confusing Touch          Hex            12%        N/A       16%         3
 Tukima's Dance           Hex            12%        N/A       16%         3
 Dazzling Flash           Conj/Hex       14%        N/A       30%         3


Dungeon Overview and Level Annotations

Branches:
Dungeon (1/15)

Altars:


Innate Abilities, Weirdness & Mutations

You are small and have problems with some larger weapons.
You are completely attuned to the shadows.


Message History

No target in view!
A goblin comes into view. It is wielding a +0 dagger.
The goblin shouts!
You hit the goblin.
The goblin is severely wounded.
The goblin barely misses you.
You closely miss the goblin.
The goblin is severely wounded.
You hit the goblin.
You kill the goblin!
No target in view!
A ball python comes into view.
The ball python hisses angrily.
A ball python is nearby!
The ball python closely misses you.
You hit the ball python.
You kill the ball python!
No target in view!
No target in view!
A ball python comes into view.
The helpless ball python fails to defend itself.
You impale the ball python!!
You kill the ball python!
A gnoll comes into view. It is wielding a +0 flail.
The gnoll shouts!
You hear a shout!
The gnoll barely misses you.
You hit the gnoll.
The gnoll is moderately wounded.
The gnoll closely misses you.
You closely miss the gnoll.
The gnoll is moderately wounded.
The gnoll hits you with a +0 flail!
Ouch! That really hurt!
You are too injured to fight recklessly!
You are too injured to fight recklessly!
You hit the gnoll but do no damage.
The gnoll is moderately wounded.
The gnoll hits you with a +0 flail!
Ouch! That really hurt!
You die...

#.# #.# #.##
#..# ##.#
#.# #.#
##########.#
...g@......#
############


You could see a gnoll.

Vanquished Creatures
  A bat (D:1)
  2 endoplasms (D:1)
  A giant cockroach (D:1)
  A goblin (D:1)
  2 hobgoblins (D:1)
  5 ball pythons (D:1)
  2 frilled lizards (D:1)
14 creatures vanquished.

Notes
Turn   | Place    | Note
-------+----------+-------------------------------------------
     0 | D:1      | Toastz the Kobold Enchanter began the quest for the Orb.
     0 | D:1      | Reached XP level 1. HP: 10/10 MP: 3/3
   108 | D:1      | Reached XP level 2. HP: 15/15 MP: 5/5
   208 | D:1      | Found a faded altar of an unknown god.
   299 | D:1      | Slain by a gnoll

Illustrated notes

Levels and vault maps discovered:
D:1:      psy_arrival_radial01, layout_loops_ring,
          hellmonk_ecumenical_altar_heavens_door

Action                     || total
---------------------------++-------
  Melee: Dagger            ||    41
   Stab: Sleeping          ||     9
 Armour: Robe              ||     6
  Dodge: Dodged            ||    22

Table legend: (Time is in decaauts)
 A = Elapsed time spent in this place.
 B = Non-inter-level travel time spent in this place.
 C = Inter-level travel time spent in this place.
 D = Time resting spent in this place.
 E = Time spent auto-exploring this place.
 F = Levels seen in this place.
 G = Mean time per level.
                   A        B        C        D        E       F      G
               +--------+--------+--------+--------+--------+-----+--------+
         Total |    295 |    295 |      0 |      0 |    196 |   1 |  295.0 |
       Dungeon |    295 |    295 |      0 |      0 |    196 |   1 |  295.0 |
               +--------+--------+--------+--------+--------+-----+--------+

Top non-repeatable levels by time:
     D:1: 295 daAuts
